 Dungeon Crawl Stone Soup version 0.22.1-1-ga44c0e56f4 (webtiles) character file.

3907 Ihlosi the Fighter (level 10, -1/119 HPs)
             Began as an Ogre Fighter on Oct 31, 2018.
             Was a Believer of Okawaru.
             Killed by divine providence
             ... invoked by an orc priest
              (14 damage)
             ... on level 7 of the Dungeon.
             The game lasted 00:30:52 (7079 turns).

Ihlosi the Fighter (Ogre Fighter)                   Turns: 7079, Time: 00:30:52

Health: -1/119     AC:  3    Str: 22    XL:     10   Next: 20%
Magic:  16/16      EV:  8    Int: 10    God:    Okawaru [**....]
Gold:   426        SH:  8    Dex: 10    Spells: 16/18 levels left

rFire    . . .     SeeInvis +   c - +2 whip (venom)
rCold    . . .     Gourm    .   C - +0 shield
rNeg     . . .     Faith    .   k - +0 robe
rPois    +         Spirit   .   (helmet restricted)
rElec    .         Reflect  .   (no cloak)
rCorr    .         Harm     .   (gloves unavailable)
MR       +....                  (boots unavailable)
Stlth    +.........             p - amulet of regeneration
HPRegen  0.69/turn              i - ring of see invisible
MPRegen  0.15/turn              u - ring of poison resistance

@: no status effects
A: large, unfitting armour, tough skin 1
a: Heroism, Renounce Religion


You were on level 7 of the Dungeon.
You worshipped Okawaru.
Okawaru was pleased with you.
You were not hungry.

You visited 2 branches of the dungeon, and saw 8 of its levels.
You also visited: Sewer.

You collected 426 gold pieces.

Inventory:

Hand Weapons
 a - a +3 mace of protection
 b - a +0 flail of holy wrath
 c - a +2 whip of venom (weapon)
 g - a +0 whip of flaming
 q - a +0 war axe of freezing
 r - a +0 mace of crushing
 F - a +2 vampiric hand axe
 K - a cursed +4 long sword
 L - a +1 long sword of electrocution
Armour
 k - a +0 robe (worn)
 C - a +0 shield (worn)
Magical Staves
 y - an uncursed staff of cold
Jewellery
 i - a ring of see invisible (left hand)
 p - an amulet of regeneration (around neck)
 u - a ring of poison resistance (right hand)
 I - an uncursed ring of positive energy
Wands
 s - a wand of digging (36)
 E - a wand of random effects (28)
 H - a wand of paralysis (10)
Scrolls
 e - a scroll of noise
 h - 2 scrolls of amnesia {unknown}
 j - 7 scrolls of identify
 l - 2 scrolls of fog {unknown}
 m - 6 scrolls of teleportation
 n - 2 scrolls of remove curse
 o - a scroll of blinking {unknown}
 t - 4 scrolls of enchant weapon
 v - a scroll of enchant armour {unknown}
 x - 4 scrolls of magic mapping {unknown}
 z - a scroll of vulnerability
 B - a scroll of brand weapon {unknown}
Potions
 d - 4 potions of might
 w - 2 potions of flight
 A - a potion of brilliance {unknown}
 D - a potion of haste
 G - a potion of curing
 M - a potion of invisibility
Comestibles
 f - 14 rations


   Skills:
 * Level 13.2 Fighting
 + Level 8.0 Maces & Flails
 - Level 3.0 Dodging
 - Level 3.0 Shields
 * Level 4.6 Spellcasting
 - Level 1.0 Translocations
 * Level 2.0 Invocations
 * Level 1.3 Evocations


You had 16 spell levels left.
You knew the following spells:

 Your Spells              Type           Power        Failure   Level  Hunger
a - Blink                 Tloc           N/A          65%         2    ##.....

Your spell library contained the following spells:

 Spells                   Type           Power        Failure   Level  Hunger
 Magic Dart               Conj           #...         65%         1    #......
 Call Imp                 Summ           #.......     80%         2    ##.....
 Slow                     Hex            #.......     80%         2    ##.....
 Conjure Flame            Conj/Fire      #.......     95%         3    ###....
 Mephitic Cloud           Conj/Pois/Air  #.......     95%         3    ###....


Dungeon Overview and Level Annotations

Branches:
Dungeon (7/15)             Temple (1/1) D:6

Altars:
Ashenzari
Cheibriados
Dithmenos
Elyvilon
Fedhas
Gozag
Hepliaklqana
Kikubaaqudgha
Makhleb
Nemelex Xobeh
Okawaru
Qazlal
Ru
Sif Muna
Trog
Uskayaw
Vehumet
Wu Jian
Xom
Yredelemnul
The Shining One


Innate Abilities, Weirdness & Mutations

You are too large for most types of armour.
You have tough skin. (AC +1)


Message History

You are more poisoned.
The killer bee poisons you! The killer bee stings you.
* * * LOW HITPOINT WARNING * * *
You are more poisoned.
The killer bee poisons you!
You feel better. The killer bee barely misses you. You block the orc's attack.
You block the killer bee's attack.
You miss the killer bee. The killer bee closely misses you.
You block the orc's attack.
You hit the killer bee.
The killer bee is moderately wounded.
The killer bee stings you!
* * * LOW HITPOINT WARNING * * *
You block the killer bee's attack.
You whack the killer bee!
The killer bee is almost dead.
You block the killer bee's attack.
The orc priest mumbles some strange prayers to Beogh against you.
Beogh smites you!
You die...

..................#
###.##.#.###########
.... #)#..#.....# #
###..#.##.#.###.# .
..........#.#...#.###
#........#.#.###.>.
#............#...
#....[...#.###o#.#+##
##########.@yoo......
#####o##.... .# . .#
.# ##


You could see a killer bee, an orc priest and 3 orcs.

Vanquished Creatures
  Harold (D:7)
  Pikel (D:4)
  Prince Ribbit (D:5)
  Grinder (D:5)
  Edmund (D:4)
  An ice beast (D:6)
  An ogre (D:5)
  3 phantoms
  A centaur (D:7)
  2 bullfrogs
  5 scorpions
  3 killer bees (D:7)
  4 wights (D:7)
  A howler monkey (D:5)
  2 crimson imps
  A jelly (D:6)
  2 orc priests
  3 hounds
  A bullfrog zombie (D:7)
  3 orc wizards
  A bullfrog skeleton (D:7)
  4 iguanas
  2 merfolk sirens (Sewer)
  5 worker ants
  A merfolk avatar (Sewer)
  A hound zombie (D:6)
  A worker ant zombie (D:5)
  A howler monkey skeleton (D:7)
  15 adders
  A river rat (Sewer)
  2 shadow imps
  An ooze (D:1)
  An adder zombie (D:5)
  An adder skeleton (D:7)
  5 worms
  A dart slug (D:4)
  12 leopard geckos
  16 orcs
  7 giant cockroaches
  10 goblins
  10 hobgoblins
  9 jackals
  7 kobolds
  A quokka (D:7)
  5 ball pythons
  14 bats
  8 frilled lizards
  A giant cockroach zombie (D:5)
  A leopard gecko skeleton (D:3)
  A leopard gecko zombie (D:6)
  30 rats
213 creatures vanquished.

Vanquished Creatures (others)
  A slave (D:4)
1 creature vanquished.

Grand Total: 214 creatures vanquished

Notes
Turn   | Place    | Note
-------+----------+-------------------------------------------
     0 | D:1      | Ihlosi the Ogre Fighter began the quest for the Orb.
     0 | D:1      | Reached XP level 1. HP: 24/24 MP: 1/1
    94 | D:1      | You fall through a shaft!
   102 | D:2      | Reached XP level 2. HP: 30/33 MP: 2/2
   485 | D:1      | Reached XP level 3. HP: 40/40 MP: 3/3
   887 | D:1      | Reached skill level 5 in Fighting
  1193 | D:2      | Reached XP level 4. HP: 42/52 MP: 4/4
  1374 | D:2      | Reached skill level 6 in Fighting
  1656 | D:2      | Reached XP level 5. HP: 61/61 MP: 5/5
  2005 | D:3      | Reached skill level 7 in Fighting
  2025 | D:3      | Found a blossoming altar of Fedhas.
  2027 | D:3      | Found a hazy altar of Hepliaklqana.
  2518 | D:3      | Found a bloodstained altar of Trog.
  2536 | D:3      | Found a snail-covered altar of Cheibriados.
  2537 | D:3      | Found a shattered altar of Ashenzari.
  2942 | D:4      | Reached XP level 6. HP: 72/72 MP: 6/6
  3017 | D:4      | Noticed Pikel
  3017 | D:4      | Noticed a slave
  3018 | D:4      | Noticed a slave
  3019 | D:4      | Noticed a slave
  3025 | D:4      | Noticed a slave
  3043 | D:4      | Killed Pikel
  3043 | D:4      | Reached skill level 9 in Fighting
  3043 | D:4      | Reached XP level 7. HP: 84/84 MP: 7/7
  3090 | D:4      | Found an opulent altar of Gozag.
  3153 | D:4      | Reached skill level 10 in Fighting
  3236 | D:4      | Found a white marble altar of Elyvilon.
  3236 | D:4      | Found a glowing golden altar of the Shining One.
  3340 | D:4      | Noticed Edmund
  3355 | D:4      | Killed Edmund
  3355 | D:4      | Reached skill level 1 in Spellcasting
  3355 | D:4      | Reached XP level 8. HP: 74/94 MP: 7/9
  3626 | D:5      | Entered Level 5 of the Dungeon
  3633 | D:5      | Found a glowing drain.
  3663 | Sewer    | Entered a sewer
  4390 | D:5      | Reached skill level 5 in Maces & Flails
  4522 | D:5      | Reached skill level 11 in Fighting
  4527 | D:5      | Learned a level 2 spell: Blink
  4561 | D:5      | Noticed Grinder
  4576 | D:5      | Paralysed by Grinder for 5 turns
  4588 | D:5      | Killed Grinder
  4886 | D:5      | Reached XP level 9. HP: 105/105 MP: 13/13
  4961 | D:5      | Noticed Prince Ribbit
  4986 | D:5      | Killed Prince Ribbit
  5373 | D:6      | Reached skill level 12 in Fighting
  5496 | D:6      | Reached skill level 1 in Translocations
  5588 | D:6      | Found a staircase to the Ecumenical Temple.
  5773 | D:6      | Found a shadowy altar of Dithmenos.
  5804 | D:6      | Found an ancient bone altar of Kikubaaqudgha.
  6016 | D:6      | Found an ornate altar of the Wu Jian Council.
  6049 | Temple   | Entered the Ecumenical Temple
  6080 | Temple   | Became a worshipper of Warmaster Okawaru
  6572 | D:7      | Reached * piety under Okawaru
  6783 | D:7      | Found a stormy altar of Qazlal.
  6847 | D:7      | Noticed Harold
  6879 | D:7      | Killed Harold
  6879 | D:7      | Reached skill level 13 in Fighting
  6879 | D:7      | Reached skill level 1 in Invocations
  6879 | D:7      | Reached skill level 1 in Evocations
  6879 | D:7      | Reached XP level 10. HP: 32/119 MP: 16/16
  7067 | D:7      | Reached ** piety under Okawaru
  7079 | D:7      | Killed from afar by an orc priest

Skill      XL: |  1  2  3  4  5  6  7  8  9 10 |
---------------+-------------------------------+-----
Dodging        | 3 |  3.0
Maces & Flails | 2 3 4 6 7 8 |  8.0
Shields        | 3 |  3.0
Fighting       | 5 6 7 9 10 11 13 | 13.2
Spellcasting   | 1 2 4 |  4.6
Translocations | 1 |  1.0
Invocations    | 1 2 |  2.0
Evocations     | 1 |  1.3

Action                   |  1- 3 |  4- 6 |  7- 9 | 10-12 || total
-------------------------+-------+-------+-------+-------++-------
Melee: Flail             |    98 |       |    62 |       ||   160
       Whip              |    25 |   166 |   417 |    16 ||   624
       Long sword        |       |       |     4 |       ||     4
       Mace              |       |       |       |    11 ||    11
Evoke: Wand              |       |       |     2 |       ||     2
  Use: Potion            |       |     5 |     7 |     1 ||    13
       Scroll            |       |       |     5 |       ||     5
 Stab: Sleeping          |       |     2 |     1 |       ||     3
  Eat: Chunk             |     1 |     5 |    14 |     1 ||    21
Armor: Robe              |    60 |    22 |    58 |     7 ||   147
       Skin              |       |    35 |     6 |       ||    41
Dodge: Dodged            |    62 |    35 |    97 |    10 ||   204
Block: Shield            |    58 |    79 |   141 |    20 ||   298
